 Dungeon Crawl Stone Soup version 0.22-a0-542-gce4f928 (webtiles) character file.

40298 inc the Thaumaturge (level 14, -3/92 HPs)
             Began as an Octopode Venom Mage on June 24, 2018.
             Was an Initiate of Gozag.
             Slain by an orange demon (8 damage)
             ... summoned by an orc high priest
             ... while paralysed by an orc sorcerer
             ... on level 2 of the Orcish Mines.
             The game lasted 01:11:52 (26121 turns).

inc the Thaumaturge (Octopode Venom Mage)          Turns: 26121, Time: 01:11:53

Health: -3/92      AC:  1    Str:  7      XL:     14   Next: 10%
Magic:  30/36      EV:  2    Int: 23 (26) God:    Gozag
Gold:   3096       SH:  0    Dex: 20      Spells: 28/38 levels left

rFire    . . .     SeeInvis +   B - +1 dagger (distort)
rCold    + . .     Gourm    .   x - +3 buckler {rC+}
rNeg     . . .     Faith    .   (helmet restricted)
rPois    +         Spirit   .   (no amulet)
rElec    .         Reflect  .   G - ring of poison resistance
rCorr    .         Harm     .   a - ring "Muyk" {*Drain Int+4 Dex+7 SInv}
MR       +....                  J - ring of Qoptej Nuobe {MP+9 SInv}
Stlth    +++++.....             (no ring)
HPRegen  0.25/turn              (no ring)
MPRegen  0.25/turn              (no ring)
                                (no ring)
                                (no ring)

@: paralysed, drained
A: almost no armour, stealthy swim, amphibious, 8 rings, constrict 8, camouflage
1, low mp 1, gelatinous body 1
a: Potion Petition, Call Merchant, Bribe Branch, Renounce Religion


You were on level 2 of the Orcish Mines.
You worshipped Gozag.
Gozag was most pleased with you.
You were not hungry.

You visited 4 branches of the dungeon, and saw 18 of its levels.
You also visited: Bailey.

You collected 4986 gold pieces.
You spent 1089 gold pieces at shops.
You paid 801 gold pieces to Gozag.

Inventory:

Hand Weapons
 l - a +0 morningstar
 o - a +0 short sword
 A - a +2 dagger of electrocution
 B - a +1 dagger of distortion (weapon)
Armour
 x - a +3 buckler of cold resistance (worn)
Magical Staves
 Q - an uncursed staff of fire {unknown}
Jewellery
 a - the ring "Muyk" (right tentacle) {*Drain Int+4 Dex+7 SInv}
   (You bought it in a shop on level 2 of the Orcish Mines)

   [ring of see invisible]

   It affects your intelligence (+4).
   It affects your dexterity (+7).
   It lets you see invisible.
   It causes draining when unequipped.
 w - an uncursed amulet of inaccuracy
 D - an uncursed ring of teleportation
 G - a ring of poison resistance (left tentacle)
 J - the ring of Qoptej Nuobe (on tentacle) {MP+9 SInv}
   (You found it on level 11 of the Dungeon)

   [ring of magical power]

   It affects your magic capacity (+9).
   It lets you see invisible.
Wands
 g - a wand of random effects (6)
 y - a wand of flame (21)
 H - a wand of polymorph (19)
 I - a wand of scattershot (2)
 M - a wand of iceblast (11)
 N - a wand of disintegration (9)
Scrolls
 b - 2 scrolls of teleportation
 f - a scroll of blinking
 j - 2 scrolls of fog
 k - a scroll of torment
 n - 4 scrolls of remove curse
 p - 3 scrolls of amnesia
 q - 3 scrolls of vulnerability
 r - a scroll of random uselessness
 v - 3 scrolls of fear
 C - a scroll of enchant armour
 F - a scroll of magic mapping
 O - a scroll of enchant weapon
 P - a scroll of brand weapon
 S - 2 scrolls of identify
 T - a scroll of immolation
Potions
 d - 4 potions of lignification
 e - a potion of berserk rage
 h - 6 potions of curing
 i - a potion of mutation
 m - 2 potions of cancellation
 s - 2 potions of flight
 t - 2 potions of degeneration
 u - 2 potions of invisibility
 z - 2 potions of might
 L - 2 potions of resistance
Miscellaneous
 R - a phantom mirror
Comestibles
 c - 8 rations


   Skills:
 - Level 7.3(6.5) Fighting
 - Level 10.0(9.2) Short Blades
 - Level 10.5(9.6) Dodging
 - Level 9.1(8.3) Stealth
 - Level 4.3(3.6) Shields
 - Level 12.8(11.9) Spellcasting
 - Level 1.0(0.3) Conjurations
 + Level 10.8(10.0) Poison Magic


You had 28 spell levels left.
You knew the following spells:

 Your Spells              Type           Power        Failure   Level  Hunger
a - Sting                 Conj/Pois      ####         1%          1    None
b - Poisonous Vapours     Pois/Air       #####.       1%          2    None
c - Mephitic Cloud        Conj/Pois/Air  ####....     3%          3    None
d - Olgreb's Toxic Radia  Pois           ######..     1%          4    None

Your spell library contained the following spells:

 Spells                   Type           Power        Failure   Level  Hunger
 Apportation              Tloc           ##....       4%          1    None
 Venom Bolt               Conj/Pois      #####.....   16%         5    ####...
 Summon Small Mammal      Summ           ##..         4%          1    None
 Animate Skeleton         Necr           N/A          4%          1    None
 Confusing Touch          Hex            ##....       4%          1    None


Dungeon Overview and Level Annotations

Branches:
Dungeon (13/15)            Temple (1/1) D:5            Lair (2/6) D:9
    Orc (2/2) D:9             Elf (0/3) Orc:2
  Swamp: Lair:2-4    Shoals: Lair:2-4     Snake: Lair:2-4    Spider: Lair:2-4
 Vaults: D:13-14

Altars:
Ashenzari
Cheibriados
Dithmenos
Elyvilon
Fedhas
Gozag
Hepliaklqana
Kikubaaqudgha
Makhleb
Nemelex Xobeh
Okawaru
Qazlal
Ru
Sif Muna
Trog
Uskayaw
Vehumet
Wu Jian
Xom
Yredelemnul
Zin
The Shining One

Shops:
D:5 *(*[!   Orc:2 ***=

Annotations:
D:13 Kirke


Innate Abilities, Weirdness & Mutations

You cannot wear most types of armour.
You are very stealthy in the water. (Stealth+)
You are amphibious.
You can wear up to eight rings at the same time.
You can use your tentacles to constrict eight enemies at once.
Your skin changes colour to match your surroundings (Stealth+).
Your rubbery body absorbs attacks. (AC +1, EV +1)
Your magical capacity is low. (-10% MP)


Message History

The orc high priest is engulfed in poison gas.
The orc high priest looks as sick as possible!
The orange demon stings you from afar!
The orange demon looks even sicker.
The orange demon stings you from afar!
The orange demon looks as sick as possible!
Your toxic aura wanes.
The orc sorcerer casts a spell at you.
Helpless, you fail to dodge the bolt of negative energy.
You feel drained.
* * * LOW HITPOINT WARNING * * *
The orange demon stings you from afar!
* * * LOW HITPOINT WARNING * * *
The orc sorcerer points at you and mumbles some strange words.
You resist with some effort. The orange demon stings you from afar.
* * * LOW HITPOINT WARNING * * *
The orc high priest hits you with a hand axe.
* * * LOW HITPOINT WARNING * * *
The orange demon stings you from afar!
You die...
Your body crumbles into a pile of gold.

##.[###...## ##[.###.#.#.##
##..###...#...##
##[)###...###)).##
#[[###...##.##)..##
.)).....##..o##)..## ...#...##
#..##...## .#(...## #..##.#.##
)(...## #..@....## (#..##
##o#.....##### .....##
#4[.$...###..### # )#....##
#..##.#.####....## # ...#...##
#..##...###.......# ##
.....)..##...##3.$###.......####.
#..###...##.##...###.....#.####..
##..###..3###)..###......###.#...
###..###..o#)).###............#..


You could see an orc high priest, an orange demon and an orc sorcerer.

Vanquished Creatures
  An ogre mage (D:13)
  2 centaur warriors
  3 two-headed ogres
  Urug (D:10)
  A soul eater (Orc:2)
  A deep elf knight (D:13)
  2 orc high priests (Orc:2)
  An infernal demonspawn (Orc:2)
  An unseen horror (D:13)
  9 orc knights
  A cyclops (D:13)
  5 orc sorcerers (Orc:2)
  5 deep elf magi
  An ugly thing (D:12)
  Maurice (Orc:1)
  Psyche (D:8)
  A spiny frog (Lair:1)
  4 komodo dragons (Lair:1)
  A hellwing (Orc:2)
  An ice devil (Orc:2)
  3 trolls
  3 blink frogs
  2 hippogriffs
  3 wyverns
  2 hogs (D:13)
  33 yaks
  A warg (Orc:1)
  2 soldier ants (D:11)
  2 water moccasins (Lair:1)
  3 sky beasts
  36 orc warriors
  5 ice beasts
  5 black bears
  A phantom (D:10)
  5 wolves (Lair:1)
  10 centaurs
  10 ogres
  7 crocodiles
  A big kobold (D:9)
  4 bullfrogs
  2 scorpions (D:5)
  5 killer bees (D:12)
  4 wights
  5 howler monkeys
  4 crimson imps
  2 centaur zombies
  A bullfrog zombie (D:12)
  3 jellies
  2 quasits
  10 hounds
  Crazy Yiuf (D:2)
  2 bullfrog skeletons
  A gnoll shaman (D:8)
  29 orc priests
  15 orc wizards
  Natasha (thrice) (D:2)
  4 iguanas
  8 worker ants
  A hound skeleton (D:11)
  2 worker ant zombies
  15 gnolls
  9 adders
  A shadow imp (D:6)
  5 worms
  3 dart slugs
  6 leopard geckos
  96 orcs
  2 ball pythons
  6 giant cockroaches
  12 goblins
  9 hobgoblins
  7 jackals
  4 quokkas
  A ball python skeleton (D:4)
  5 bats
  5 frilled lizards
  17 kobolds
  A leopard gecko skeleton (D:4)
  A leopard gecko zombie (D:7)
  11 rats
501 creatures vanquished.

Vanquished Creatures (others)
  A skeletal warrior (D:13)
  A rust devil (Orc:2)
  A black mamba (Lair:1)
  A centaur skeleton (D:13)
  A spiny frog (Lair:1)
  A komodo dragon (D:10)
  A blink frog (Lair:1)
  2 yaks
  A vampire (D:12)
  A chaos spawn (Orc:2)
  A water moccasin (Lair:1)
  An orc warrior (Orc:1)
  An ogre (Orc:1)
  A bullfrog (D:9)
  A bullfrog skeleton (D:13)
  A gnoll (D:12)
  30 fungi
  18 plants (D:9)
65 creatures vanquished.

Grand Total: 566 creatures vanquished

Notes
Turn   | Place    | Note
-------+----------+-------------------------------------------
     0 | D:1      | inc the Octopode Venom Mage began the quest for the Orb.
     0 | D:1      | Reached XP level 1. HP: 11/11 MP: 3/3
    94 | D:1      | Reached XP level 2. HP: 15/17 MP: 0/5
   278 | D:1      | Reached skill level 3 in Spellcasting
   550 | D:1      | Reached XP level 3. HP: 21/21 MP: 7/7
   939 | D:2      | Found a runed door.
   963 | D:2      | Learned a level 2 spell: Poisonous Vapours
   967 | D:2      | Learned a level 3 spell: Mephitic Cloud
  1144 | D:2      | Noticed Natasha
  1294 | D:2      | Killed Natasha
  1294 | D:2      | Reached skill level 4 in Spellcasting
  1294 | D:2      | Reached XP level 4. HP: 27/27 MP: 0/10
  1523 | D:2      | Noticed Natasha
  1528 | D:2      | Killed Natasha
  1632 | D:2      | Reached XP level 5. HP: 31/31 MP: 4/11
  1837 | D:2      | Noticed Natasha
  1844 | D:2      | Killed Natasha
  2079 | D:2      | Found an ornate altar of the Wu Jian Council.
  2468 | D:2      | Noticed Crazy Yiuf
  2478 | D:2      | Killed Crazy Yiuf
  2656 | D:3      | Reached skill level 5 in Poison Magic
  3176 | D:3      | Noticed an ogre
  3194 | D:3      | Killed an ogre
  3194 | D:3      | Reached XP level 6. HP: 36/36 MP: 4/12
  3202 | D:3      | Learned a level 4 spell: Olgreb's Toxic Radiance
  3932 | D:4      | Found a blossoming altar of Fedhas.
  4261 | D:4      | Reached XP level 7. HP: 41/41 MP: 0/13
  4274 | D:4      | Found a stormy altar of Qazlal.
  5322 | D:5      | Entered Level 5 of the Dungeon
  5322 | D:5      | Found Samnit's General Store.
  5349 | D:5      | Found Bacweyra's Armour Emporium.
  5406 | D:5      | Found Vavun's Antique Weapon Emporium.
  5573 | D:5      | Found a staircase to the Ecumenical Temple.
  5581 | D:5      | Reached skill level 1 in Fighting
  5583 | D:5      | Reached XP level 8. HP: 49/51 MP: 5/14
  5617 | Temple   | Entered the Ecumenical Temple
  5768 | Temple   | Became a worshipper of Gozag Ym Sagoz the Greedy
  6138 | D:5      | Bought a potion of heal wounds for 70 gold pieces
  6211 | D:5      | Found Epimmo's Assorted Antiques.
  6434 | D:5      | Found Suskixij's Distillery.
  6585 | D:5      | Found a shimmering altar of Xom.
  6881 | D:6      | Reached skill level 5 in Fighting
  7077 | D:6      | Reached skill level 5 in Spellcasting
  7297 | D:5      | Bought a +0 buckler of cold resistance for 126 gold pieces
  7390 | D:6      | Reached skill level 1 in Shields
  8049 | D:7      | Reached XP level 9. HP: 30/61 MP: 5/16
  8049 | D:7      | HP: 3/61 [wight/enchanted battleaxe (8)]
  8354 | D:7      | Reached skill level 6 in Spellcasting
  8532 | D:7      | Found a basalt altar of Yredelemnul.
  8534 | D:7      | Noticed a profane servitor
  8539 | D:7      | Found a glowing golden altar of the Shining One.
  8541 | D:7      | Noticed an angel
  9022 | D:7      | Found an iron altar of Okawaru.
  9157 | D:7      | Reached skill level 7 in Spellcasting
  9876 | D:8      | Noticed Psyche
  9891 | D:8      | Killed Psyche
 10035 | D:8      | Reached skill level 8 in Spellcasting
 10037 | D:8      | Noticed a two-headed ogre
 10216 | D:8      | Killed a two-headed ogre
 10216 | D:8      | Reached skill level 9 in Spellcasting
 10216 | D:8      | Reached XP level 10. HP: 60/66 MP: 1/23
 10406 | D:8      | Found a snail-covered altar of Cheibriados.
 11373 | D:9      | Noticed a skeletal warrior
 11373 | D:9      | Noticed a skeletal warrior
 11373 | D:9      | Noticed a skeletal warrior
 11430 | D:9      | Reached skill level 10 in Spellcasting
 12164 | D:8      | Reached skill level 1 in Short Blades
 13280 | D:9      | Found a staircase to the Lair.
 13291 | Lair:1   | Entered Level 1 of the Lair of Beasts
 13291 | Lair:1   | Noticed a black mamba
 13308 | Lair:1   | Reached skill level 5 in Short Blades
 13620 | Lair:1   | Noticed a spiny frog
 13625 | Lair:1   | Banished a spiny frog
 13650 | Lair:1   | Reached XP level 11. HP: 52/72 MP: 10/25
 14826 | Lair:1   | Reached skill level 10 in Short Blades
 15366 | D:9      | Found a staircase to the Orcish Mines.
 15428 | D:10     | Entered Level 10 of the Dungeon
 15748 | D:10     | Noticed Urug
 15771 | D:10     | Killed Urug
 15771 | D:10     | Reached skill level 11 in Spellcasting
 16017 | D:10     | Reached XP level 12. HP: 27/77 MP: 16/27
 16564 | Orc:1    | Entered Level 1 of the Orcish Mines
 17243 | Orc:1    | Noticed Maurice
 17260 | Orc:1    | Killed Maurice
 17373 | Orc:2    | Entered Level 2 of the Orcish Mines
 17731 | Orc:2    | Found a burning altar of Makhleb.
 17779 | Orc:2    | Found Touq's Assorted Antiques.
 17793 | Orc:2    | Found a staircase to the Elven Halls.
 17811 | Orc:2    | Bought a potion of heal wounds for 180 gold pieces
 18749 | Orc:2    | Found Debaufemp's General Store.
 18985 | Orc:2    | Reached skill level 5 in Dodging
 19073 | Orc:2    | Found Usakir's General Store.
 19227 | Orc:2    | Noticed a soul eater
 19369 | Orc:2    | Bought a scroll of fear for 42 gold pieces
 19858 | Orc:2    | Bought the ring "Muyk" {*Drain Int+4 Dex+7 SInv} for 671 gold pieces
 20465 | D:11     | Got a pitted granite ring
 20508 | D:11     | Identified the ring of Qoptej Nuobe {MP+9 SInv} (You found it on level 11 of the Dungeon)
 20543 | D:11     | Noticed a centaur warrior
 20979 | D:11     | Killed a centaur warrior
 21483 | D:12     | Found a bloodstained altar of Trog.
 21507 | D:12     | Found a flagged portal.
 21520 | Bailey   | Entered a bailey
 22197 | D:12     | Reached XP level 13. HP: 86/86 MP: 28/28
 22627 | D:12     | Reached skill level 10 in Dodging
 23385 | D:13     | Noticed Kirke
 23417 | D:13     | Reached skill level 5 in Stealth
 23535 | D:13     | Found a shattered altar of Ashenzari.
 24374 | D:13     | Reached skill level 12 in Spellcasting
 25641 | Orc:2    | Reached XP level 14. HP: 80/92 MP: 28/30
 25699 | Orc:2    | Gained mutation: Your magical capacity is low. (-10% MP) [a neqoxec]
 25721 | Orc:2    | Reached skill level 10 in Poison Magic
 26117 | Orc:2    | Paralysed by an orc sorcerer for 5 turns
 26121 | Orc:2    | Slain by an orange demon

Vault maps used:
D:1:      zelgadis_glass_arrival_small, roderic_cross_of_infinity
D:2:      lemuel_round_altar, first_ration, uniq_crazy_yiuf_cottage,
          uniq_natasha
D:4:      nicolae_qazlal_eye_of_the_storm, fedhas_altar_1
D:5:      minmay_temple_entry_overgrown, basic_altar, serial_shops,
          nicolae_shop_stone, shop, shop, nicolae_shop_waterfront, shop
D:6:      lemuel_castle_with_subvaults, lemuel_statue_altar
D:7:      grunt_temple_overflow_holy_war, okawaru_altar_gauntlet_db
D:8:      kennysheep_mini, uniq_psyche
D:9:      due_lair_maze_entry_diamond
D:10:     uniq_urug
D:11:     hangedman_pestilent_swarm, minivault_4
D:12:     lightli_bailey_entry_fortress, david_defended_altar_elf
D:13:     minmay_elf_outpost, hangedman_vaults_entry_quadrant_bands,
          basic_altar, nicolae_ru_path_of_blood, uniq_kirke
Temple:   regret_index_temple_sphere_string
Lair:1:   st_stairs_4, cheibrodos_lair_reptile_den, grunt_megastairs_2
Orc:1:    lightli_orcish_oven, uniq_maurice
Orc:2:    pf_orc_diabolical, serial_shops, nicolae_shop_waterfront, basic_altar,
          rock_pile
Bailey:   bailey_polearm_1, bailey

Skill      XL: |  1  2  3  4  5  6  7  8  9 10 11 12 13 14 |
---------------+-------------------------------------------+-----
Spellcasting   | 3 4 5 9 10 11 12 | 12.8
Poison Magic   | 6 7 9 10 | 10.8
Fighting       | 2 5 7 |  7.3
Shields        | 4 |  4.3
Short Blades   | 6 10 | 10.0
Dodging        | 9 10 | 10.5
Stealth        | 9 |  9.1
Conjurations   | |  1.0

Action                   |  1- 3 |  4- 6 |  7- 9 | 10-12 | 13-15 || total
-------------------------+-------+-------+-------+-------+-------++-------
Melee: Unarmed           |    35 |    37 |       |       |       ||    72
       Constrict         |    15 |    11 |    32 |    48 |    37 ||   143
       Tentacles         |     8 |     7 |    39 |    55 |    53 ||   162
       Short sword       |       |       |   131 |     2 |       ||   133
       Morningstar       |       |       |     7 |       |       ||     7
       Dagger            |       |       |       |   351 |   195 ||   546
 Cast: Sting             |    51 |    48 |    63 |    89 |    42 ||   293
       Poisonous Vapours |     7 |    61 |    69 |   190 |    96 ||   423
       Olgreb's Toxic Ra |       |       |    12 |    98 |    44 ||   154
       Mephitic Cloud    |       |       |     4 |    13 |    29 ||    46
Invok: Call Merchant     |       |       |       |     1 |       ||     1
  Use: Scroll            |       |       |    15 |    11 |     7 ||    33
       Potion            |       |       |     4 |     7 |     1 ||    12
 Stab: Sleeping          |       |     1 |     3 |    10 |     3 ||    17
       Confused          |       |       |       |     1 |     7 ||     8
       Distracted        |       |       |       |     1 |     1 ||     2
  Eat: Chunk             |     1 |    10 |     6 |       |       ||    17
       Ration            |       |       |     4 |    12 |     4 ||    20
Armor: Skin              |     4 |     7 |     8 |     6 |       ||    25
Dodge: Dodged            |    31 |    39 |    92 |   179 |    84 ||   425
Block: Buckler           |       |       |    24 |   126 |    37 ||   187

Table legend:
 A = Spawn XP
 B = Non-spawn XP
 C = Spawn XP percentage of total XP
 D = Spawn monster count
 E = Non-spawn monster count
 F = Spawn count percentage of total count
 G = Total turns spent on level
                    A         B        C        D         E        F      G
               +---------+---------+-------+---------+---------+-------+---------
         Total |       0 |   57569 |   0.0 |       0 |     519 |   0.0 | 26121
               +---------+---------+-------+---------+---------+-------+---------
           D:1 |       0 |      49 |   0.0 |       0 |      29 |   0.0 |  1005
           D:2 |       0 |     211 |   0.0 |       0 |      23 |   0.0 |  1589
           D:3 |       0 |     246 |   0.0 |       0 |      28 |   0.0 |  1380
           D:4 |       0 |     469 |   0.0 |       0 |      18 |   0.0 |  1607
           D:5 |       0 |     680 |   0.0 |       0 |      21 |   0.0 |  1391
           D:6 |       0 |     531 |   0.0 |       0 |      15 |   0.0 |   722
           D:7 |       0 |    1179 |   0.0 |       0 |      27 |   0.0 |  1843
           D:8 |       0 |    2660 |   0.0 |       0 |      30 |   0.0 |  2949
           D:9 |       0 |    3101 |   0.0 |       0 |      38 |   0.0 |  1509
          D:10 |       0 |    3201 |   0.0 |       0 |      23 |   0.0 |  1136
          D:11 |       0 |    1986 |   0.0 |       0 |      15 |   0.0 |  1040
          D:12 |       0 |    6396 |   0.0 |       0 |      49 |   0.0 |  1664
          D:13 |       0 |   10762 |   0.0 |       0 |      34 |   0.0 |  1170
        Lair:1 |       0 |    6070 |   0.0 |       0 |      31 |   0.0 |  1779
        Lair:2 |       0 |     523 |   0.0 |       0 |       2 |   0.0 |    16
         Orc:1 |       0 |    2823 |   0.0 |       0 |      44 |   0.0 |  1313
         Orc:2 |       0 |   13469 |   0.0 |       0 |      73 |   0.0 |  3250
        Bailey |       0 |    3213 |   0.0 |       0 |      19 |   0.0 |   540
               +---------+---------+-------+---------+---------+-------+---------
